cohdb
Replays
Latest Replays
All Replays
Popular Replays
Top Player Replays
Match Explorer
How It Works
Community
CoH3 Stats
Reddit
Sign in to upload your games and track your stats! →
Sign in with Steam
Match 46016540
Unlisted
Match 46016540
Overview
Messages
Build Orders
End
Construct Section Command Post
Dingo Light Scout Car
Dingo Light Scout Car
Infantry Section
Infantry Section
Construct Platoon Command Post
Humber Armored Car
Unlock M3 Stuart Light Tanks
M3 Stuart Light Tank
Infantry Section
Infantry Section
Grenade Package
M3 Stuart Light Tank
M3 Stuart Light Tank
Selects Heavy Armor Battlegroup
Selects Rigorous Vehicle Training
Selects Light Vehicle Withdraw and Refit
Selects Radio Net
Selects Recon Artillery
M3 Stuart Light Tank
Recon Artillery
Light Vehicle Training
6-pounder Anti-tank Gun Team
Construct Company Command Post
Selects Forward Repair Assembly
Selects UNKNOWN (2162094)
Recon Artillery
6-pounder Anti-tank Gun Team
Vickers Machine Gun Team
Vickers Machine Gun Team
Churchill IV Heavy Tank
Recon Artillery
DirtyDan
qqnn1202
AHNSHI
这游戏太难了
ozpler
2015044103
0
0
Comments
sign in to comment!
No comments posted yet!